 Dungeon Crawl Stone Soup version 0.31-a0-424-g41b3b0883d (webtiles) character file.

Game seed: 10014423295038268584

49 Ajdolov the Grave Robber (level 3, -4/24 HPs)
             Began as a Mummy Necromancer on July 30, 2023.
             Slain by a gnoll
             ... wielding a +0 halberd
              (12 damage)
             ... on level 3 of the Dungeon.
             The game lasted 00:02:10 (1441 turns).

Ajdolov the Grave Robber (Mummy Necromancer)        Turns: 1441, Time: 00:02:11

Health: -4/24      AC:  2    Str: 11    XL:     3   Next: 53%
Magic:  8/8        EV: 12    Int: 16    God:
Gold:   100        SH:  0    Dex: 12    Spells: 8/9 levels left

rFire   x . .        i - +1 hand axe (freeze)
rCold   + . .        (no shield)
rNeg    + + +        a - +0 robe
rPois   ∞            (no helmet)
rElec   .            (no cloak)
rCorr   .            (no gloves)
SInv    .            (no boots)
Will    .....        (no amulet)
Stlth   ++           (no ring)
HPRegen 0.24/turn    (no ring)
MPRegen 0.11/turn

%: faith
@: no status effects
A: cold resistance 1, negative energy resistance 3, torment resistance 2, heat
vulnerability 1, in touch with death 1, no potions, faith
a: no special abilities


You were on level 3 of the Dungeon.
You visited 1 branch of the dungeon, and saw 3 of its levels.

You collected 100 gold pieces.

Inventory:

Hand Weapons
 i - a +1 hand axe of freezing (weapon)
Missiles
 f - a throwing net
Armour
 a - a +0 robe (worn)
 g - a +0 buckler
Jewellery
 d - a +5 ring of evasion
Scrolls
 b - a scroll of enchant weapon {unknown}
 c - a scroll of identify {unknown}
 h - a scroll of torment {unknown}


   Skills:
 - Level 1.5 Dodging
 - Level 1.5 Stealth
 + Level 3.6 Spellcasting
 * Level 4.9 Necromancy


You had 8 spell levels left.
You knew the following spells:

 Your Spells              Type           Power      Damage    Failure   Level
a - Necrotise             Necr           100%       1d9       2%          1

Your spell library contained the following spells:

 Spells                   Type           Power      Damage    Failure   Level
 Vampiric Draining        Necr           28%        2d8       7%          3
 Animate Dead             Necr           28%        N/A       22%         4
 Agony                    Necr           28%        N/A       54%         5


Dungeon Overview and Level Annotations

Branches:
Dungeon (3/15)

Altars:

Annotations:
D:2 Sigmund


Innate Abilities, Weirdness & Mutations

You are immune to poison.
Your flesh is cold resistant. (rC+)
You are immune to negative energy. (rN+++)
You are immune to unholy pain and torment.
You are vulnerable to heat. (rF-)
You are in touch with the powers of death.
You do not drink.
You have a special connection with the divine. (Faith)


Message History

a +0 whip; a +0 sling You see here an inky potion.
You see here an inky potion.
There is an escape hatch in the ceiling here.
Partly explored, can't reach some items and places.
Partly explored, can't reach some items and places.
There is an escape hatch in the floor here.
There is an escape hatch in the ceiling here.
There is a stone staircase leading down here.
You climb downwards.
There is a stone staircase leading up here.
You open the door.
A gnoll comes into view. It is wielding a +0 flail.
A gnoll opens the door.
A gnoll comes into view. It is wielding a +0 spear.
There is an open door here.
You feel a surge of power!
The gnoll writhes in agony.
The gnoll shouts! x2
You feel a surge of power!
The gnoll writhes in agony!
You feel a surge of power!
The gnoll writhes in agony.
You feel a surge of power!
The gnoll writhes in agony.
The gnoll hits you from afar with a +0 halberd!
Ouch! That really hurt!
The gnoll barely misses you.
There is a stone staircase leading up here.
The gnoll completely misses you. The gnoll barely misses you.
You climb upwards.
Level annotation: Sigmund
There is a stone staircase leading down here.
You start resting.
Magic restored.
You start resting.
HP restored.
You climb downwards.
The gnoll hits you with a +0 halberd! The gnoll hits you with a +0 flail.
There is a stone staircase leading up here.
The gnoll hits you from afar with a +0 spear.
The gnoll hits you with a +0 halberd!
Ouch! That really hurt!
You die...

### .
##@#########..
##.###gg.g.........
........####...#...
##........g'...'...
######.####...#...
#.# ...# #.# ...#
#.# ...# #.# ####


You could see 3 gnolls.

Vanquished Creatures
  3 adders (D:2)
  3 ball pythons
  4 bats
  An endoplasm (D:1)
  A giant cockroach (D:2)
  2 hobgoblins
  A quokka (D:1)
  3 frilled lizards
  A kobold (D:2)
  3 rats
22 creatures vanquished.

Notes
Turn   | Place    | Note
-------+----------+-------------------------------------------
     0 | D:1      | Ajdolov the Mummy Necromancer began the quest for the Orb.
     0 | D:1      | Reached XP level 1. HP: 13/13 MP: 4/4
   375 | D:1      | Found a faded altar of an unknown god.
   549 | D:1      | Reached XP level 2. HP: 19/19 MP: 4/6
   688 | D:2      | Noticed Sigmund
   872 | D:2      | Gained mutation: You are in touch with the powers of death.
                  | [Mummy growth]
   872 | D:2      | Reached XP level 3. HP: 24/24 MP: 4/7
  1441 | D:3      | Slain by a gnoll

Illustrated notes

Levels and vault maps discovered:
D:1:      dpeg_arrival_boxes_within_box, layout_rooms,
          shapermc_ecumenical_altar_mp_highgroup
D:2:      layout_rooms, uniq_sigmund
D:3:      layout_basic, lemuel_doored_altar, kennysheep_generic_room_2

Skill      XL: |  1 |
---------------+----+-----
Spellcasting   | 3 |  3.6
Dodging        | |  1.5
Stealth        | |  1.5
Necromancy     | |  4.9

Action                     || total
---------------------------++-------
  Melee: Whip              ||     6
         Hand axe          ||     9
   Cast: Necrotise         ||    37
   Stab: Sleeping          ||     1
 Armour: Robe              ||     4
  Dodge: Dodged            ||    20

Table legend: (Time is in decaauts)
 A = Elapsed time spent in this place.
 B = Non-inter-level travel time spent in this place.
 C = Inter-level travel time spent in this place.
 D = Time resting spent in this place.
 E = Time spent auto-exploring this place.
 F = Levels seen in this place.
 G = Mean time per level.
                   A        B        C        D        E       F      G
               +--------+--------+--------+--------+--------+-----+--------+
         Total |   1443 |   1403 |     40 |     50 |   1148 |   3 |  481.0 |
       Dungeon |   1443 |   1403 |     40 |     50 |   1148 |   3 |  481.0 |
               +--------+--------+--------+--------+--------+-----+--------+

Top non-repeatable levels by time:
     D:2: 783 daAuts
     D:1: 639 daAuts
     D:3: 21 daAuts
